 Dungeon Crawl Stone Soup version 0.17-a0-1778-gd369669 (webtiles) character file.

543 ololoev the Poker (level 7, 51/55 HPs)
             Began as a Mottled Draconian Skald on Sept 8, 2015.
             Quit the game on level 4 of the Dungeon.
             The game lasted 00:08:25 (5434 turns).

ololoev the Poker (Mottled Draconian Skald)         Turns: 5434, Time: 00:08:25

Health: 51/55      AC:  9    Str: 14    XL:     7   Next: 6%
Magic:  4/10       EV: 12    Int: 12    God:
Gold:   237        SH:  0    Dex: 13    Spells: 3 memorised, 4 levels left

rFire  . . .     SeeInvis .     a - +0 trident
rCold  . . .     Clarity  +     (armour unavailable)
rNeg   . . .     SustAt   .     (no shield)
rPois  .         Gourm    .     (helmet restricted)
rElec  .         Spirit   .     (no cloak)
rCorr  .         Warding  .     (no gloves)
rMut   .         Stasis   .     v - +2 pair of boots
MR     .....                    p - amulet of clarity
Stlth  +.........               (no ring)
                                (no ring)

@: mildly poisoned (51 -> 46), infused (expiring), singing, very slightly
contaminated, not resistant to hostile enchantments, very unstealthy
A: breathe sticky flame splash, unfitting armour, cold-blooded, AC +6
a: Breathe Sticky Flame, Stop Singing


Innate Abilities, Weirdness & Mutations

You can spit globs of burning liquid.
You can ignite nearby creatures when you spit burning liquid.
Your weird mottled scales are hard (AC +6).
Your body does not fit into most forms of armour.
You are cold-blooded and may be slowed by cold attacks.

Inventory:

Hand weapons
 a - a +0 trident (weapon)
Armour
 v - a +2 pair of boots (worn)
Rods
 b - a +0 rod of the swarm (7/12)
   (You found it on level 4 of the Dungeon)
Jewellery
 p - an amulet of clarity (around neck)
 w - an uncursed ring of teleportation
Scrolls
 d - 7 scrolls of remove curse
 e - 2 scrolls of identify {unknown}
 g - 2 scrolls of amnesia {unknown}
 i - a scroll of fog {unknown}
 k - a scroll of fear {unknown}
 l - a scroll of random uselessness {unknown}
 n - a scroll of magic mapping {unknown}
 o - a scroll of teleportation {unknown}
 r - a scroll of immolation {unknown}
 t - a scroll of enchant armour {unknown}
Potions
 f - a potion of cancellation {unknown}
 h - 2 potions of heal wounds {unknown}
 j - 2 potions of brilliance {unknown}
 m - a potion of haste {unknown}
 q - a potion of mutation {unknown}
 s - a potion of curing {unknown}
 u - a potion of cure mutation {unknown}
Comestibles
 c - a bread ration
 x - 4 chunks of flesh


   Skills:
 - Level 2.1 Fighting
 + Level 6.8 Polearms
 - Level 1.3 Dodging
 - Level 2.0 Spellcasting
 - Level 2.6 Charms
 + Level 3.4 Evocations


You had 4 spell levels left.
You knew the following spells:

 Your Spells              Type           Power        Failure   Level  Hunger
a - Infusion              Chrm           #.....       12%         1    ##.....
b - Song of Slaying       Chrm           #.......     14%         2    ###....
c - Regeneration          Chrm/Necr      #.........   56%         3    ####...


You were on level 4 of the Dungeon.
You were not hungry.

You visited 1 branch of the dungeon, and saw 4 of its levels.

You collected 237 gold pieces.

#.......#......... ..
#.......#.####.##' ...
#.......#.#..'.'.. ...#
#......#.#⌠.#.#..
....####......#.####.###
.......#......#.........
#............†##########
#..............# ##...
..#y@..##..## ###....
#.......#####..###......
......†)) ##..#.......
.........( #..........
........... ##.........
............ ##...#....
...........!. ##...#...
..(..........# ##<.###.
##..##

Notes
Turn   | Place    | Note
--------------------------------------------------------------
     0 | D:1      | ololoev the Draconian Skald began the quest for the Orb.
     0 | D:1      | Reached XP level 1. HP: 17/17 MP: 3/3
   330 | D:1      | Reached XP level 2. HP: 16/24 MP: 5/5
   334 | D:1      | Learned a level 2 spell: Song of Slaying
   467 | D:1      | Reached skill level 3 in Polearms
   839 | D:1      | Reached XP level 3. HP: 29/29 MP: 6/6
  1051 | D:2      | Noticed Sigmund
  1505 | D:2      | Found an opulent altar of Gozag.
  1599 | D:2      | Reached skill level 4 in Polearms
  2162 | D:2      | Found a deep blue altar of Sif Muna.
  2737 | D:3      | Reached XP level 4. HP: 36/36 MP: 7/7
  3086 | D:3      | Reached skill level 5 in Polearms
  3487 | D:2      | Reached XP level 5. HP: 36/41 MP: 8/8
  3976 | D:4      | Identified a +0 rod of the swarm (12/12) (You found it on level 4 of the Dungeon)
  4306 | D:2      | Learned a level 3 spell: Regeneration
  4382 | D:2      | Killed Sigmund
  4382 | D:2      | Reached skill level 6 in Polearms
  4382 | D:2      | Reached skill level 1 in Evocations
  4384 | D:2      | Reached XP level 6. HP: 40/48 MP: 6/9
  4504 | D:2      | Found an iron altar of Okawaru.
  4709 | D:4      | Found a shadowy altar of Dithmenos.
  4877 | D:4      | Noticed a phantom
  4902 | D:4      | Killed a phantom
  5428 | D:4      | Your scales start taking on a weird mottled colour.
  5428 | D:4      | Reached XP level 7. HP: 55/55 MP: 4/10
  5434 | D:4      | Quit the game

Dungeon Overview and Level Annotations

Branches:
Dungeon (4/15)
 Temple: D:4-7

Altars:
Dithmenos
Gozag
Okawaru
Sif Muna


Message History

You reach to attack!
You closely miss the gnoll.
The gnoll is heavily wounded.
Your wasp closely misses the gnoll.
Your wasp misses the gnoll. The gnoll misses your wasp.
Attack whom?
Press: ? - help, Dir - move target cursor, f/p - gnoll
Aim: a gnoll (heavily wounded)
You reach to attack!
You barely miss the gnoll.
The gnoll is heavily wounded.
Your wasp stings the gnoll!
The gnoll dies!
You have reached level 7!
Your scales start taking on a weird mottled colour.
The gnoll closely misses you.
Attack whom?
Press: ? - help, Dir - move target cursor, f - gnoll
Aim: a gnoll, wielding a halberd (heavily wounded)
You reach to attack!
You puncture the gnoll!
You kill the gnoll!
You hit the worker ant.
The worker ant is lightly wounded.
The worker ant bites you.
You are poisoned.
The worker ant poisons you!
You puncture the worker ant!
The worker ant is severely wounded.
Your magical infusion is running out.
You feel sick.
Your wasp stings the worker ant.
The worker ant seems to slow down.
The worker ant closely misses you.
Your wasp barely misses the worker ant.
You closely miss the worker ant.
The worker ant is almost dead.
You feel sick.
Your wasp stings the worker ant.
The worker ant seems to slow down.
The worker ant closely misses you.
You hit the worker ant but do no damage.
The worker ant is almost dead.
Your wasp stings the worker ant.
The worker ant dies!
No target in view!
Are you sure you want to abandon this character and quit the game? (Confirm with "yes".)

You could see a friendly wasp.

Vanquished Creatures
  A phantom (D:4)
  3 orc priests
  A gnoll (D:4)
  4 adders
  An ooze (D:4)
  4 worms
  4 giant geckos
  8 orcs
  6 giant cockroaches
  11 hobgoblins
  4 jackals
  2 quokkas (D:4)
  A ball python (D:2)
  8 bats
  5 giant newts
  11 goblins
  12 kobolds
  7 rats
93 creatures vanquished.

Vanquished Creatures (collateral kills)
  Sigmund (D:2)
  An ogre (D:4)
  2 scorpions (D:4)
  An orc wizard (D:4)
  A worker ant (D:4)
  2 gnolls (D:4)
8 creatures vanquished.

Grand Total: 101 creatures vanquished

Action                   |  1- 3 |  4- 6 |  7- 9 || total
-------------------------+-------+-------+-------++-------
Melee: Spear             |   201 |    77 |       ||   278
       Trident           |       |   123 |     5 ||   128
 Cast: Infusion          |     1 |     8 |       ||     9
       Song of Slaying   |     3 |     6 |       ||     9
Evoke: Rod               |       |     6 |       ||     6
  Use: Scroll            |       |     1 |       ||     1
 Stab: Sleeping          |     2 |       |       ||     2
  Eat: Chunk             |     2 |     4 |       ||     6
       Bread ration      |     1 |     2 |       ||     3

Vault maps used:
D:1:      roderic_dead_forest, nrook_mini_vaults
D:2:      led_sif_pool, lemuel_crystal_altar, serial_forest,
          infiniplex_forest_zigzag_2, infiniplex_forest_straight_2,
          infiniplex_forest_fountain, infiniplex_forest_straight_4,
          infiniplex_forest_clump_long, infiniplex_forest_end_2,
          infiniplex_forest_lined_room_, infiniplex_forest_straight_3,
          first_bread, okawaru_altar_gauntlet_db, uniq_sigmund
D:4:      minmay_door_path, nicolae_dithmenos_the_darkroom, fiery_altar_vehumet
